 Dungeon Crawl Stone Soup version 0.31-a0-750-gfe7b580527 (webtiles) character file.

Game seed: 10767260265463587227

12497 ShadowTiger the Skirmisher (level 11, -2/71 HPs)
             Began as a Tengu Hunter on Sept 14, 2023.
             Was a High Priest of Qazlal.
             Slain by a vampire (9 damage)
             ... on level 12 of the Dungeon.
             The game lasted 00:50:13 (9673 turns).

ShadowTiger the Skirmisher (Tengu Hunter)           Turns: 9673, Time: 00:50:17

Health: -2/71      AC: 30    Str: 11    XL:     11   Next: 94%
Magic:  12/12      EV:  9    Int: 12    God:    Qazlal [*****.]
Gold:   511        SH:  7    Dex: 20    Spells: 10/10 levels left

rFire   . . .        H - +0 orcbow
rCold   . . .        (shield currently unavailable)
rNeg    . . .        v - +3 plate armour
rPois   .            A - +2 hat
rElec   .            t - +0 cloak
rCorr   .            B - +0 pair of gloves
SInv    .            (boots unavailable)
Will    +....        i - amulet of regeneration
Stlth   x              - +4 ring of protection
HPRegen 1.11/turn    m - +4 ring of protection
MPRegen 0.13/turn

%: repel missiles, acrobat
@: flying
A: beak, talons 3, evasive flight, acrobatic, strong-willed 1, MP-powered wands
a: Renounce Religion, Upheaval, Elemental Force, Disaster Area


You were on level 12 of the Dungeon.
You worshipped Qazlal.
Qazlal was extremely pleased with you.
You visited 2 branches of the dungeon, and saw 12 of its levels.
You also visited: Ossuary.

You collected 511 gold pieces.

Inventory:

Hand Weapons
 H - a +0 orcbow (weapon)
Armour
 t - a +0 cloak (worn)
 v - a +3 plate armour (worn)
 A - a +2 hat (worn)
 B - a +0 pair of gloves (worn)
Jewellery
 a - a ring of willpower
 c - a +6 ring of intelligence
 i - an amulet of regeneration (around neck)
 m - a +4 ring of protection (right hand)
 x - a +4 ring of protection (left hand)
 D - a ring of poison resistance
Talismans
 b - a beast talisman
 F - a granite talisman
Wands
 d - a wand of mindburst (12)
 g - a wand of flame (25)
 h - a wand of paralysis (8)
 r - a wand of acid (27)
 y - a wand of digging (2)
 C - a wand of iceblast (3)
Scrolls
 e - 2 scrolls of revelation
 q - 4 scrolls of identify
 s - 3 scrolls of vulnerability
 u - a scroll of fear
 w - a scroll of torment
 G - a scroll of poison
Potions
 f - 4 potions of curing
 j - a potion of berserk rage
 k - a potion of lignification {unknown}
 l - a potion of degeneration
 n - 3 potions of haste
 o - 2 potions of brilliance
 p - 3 potions of mutation
 z - 3 potions of attraction
 E - a potion of might {unknown}
 I - a potion of ambrosia {unknown}


   Skills:
 + Level 9.5 Fighting
 - Level 14.0 Ranged Weapons
 + Level 9.4 Armour
 + Level 4.4 Dodging
 + Level 1.2 Stealth
 + Level 4.8 Shields
 + Level 2.0 Evocations


You had 10 spell levels left.
You didn't know any spells.
Your spell library contained the following spells:

 Spells                   Type           Power      Damage    Failure   Level
 Scorch                   Fire           0%         2d5       100%        2
 Flame Wave               Conj/Fire      0%         2d4       100%        4
 Vhi's Electric Charge    Tloc/Air       0%         N/A       100%        4
 Arcjolt                  Conj/Air       0%         1d10      100%        5
 Summon Cactus Giant      Summ           0%         N/A       100%        6
 Maxwell's Capacitive Co  Air            0%         ∞         100%        8


Dungeon Overview and Level Annotations

Branches:
Dungeon (10/15)            Temple (0/1) D:7             Orc (1/2) D:9
Ossuary (visited)
   Lair: D:8-11

Altars:
Cheibriados
Elyvilon
Fedhas
Gozag
Hepliaklqana
Kikubaaqudgha
Makhleb
Nemelex Xobeh
Okawaru
Qazlal
Trog
Uskayaw
Wu Jian
Yredelemnul
Zin

Shops:
D:1 =   D:2 =   D:4 *


Innate Abilities, Weirdness & Mutations

You have a beak for a mouth.
You have claws for feet.
Your magical flight helps you evade attacks. (EV +4)
You can magically evade attacks while moving or waiting.
You are strong-willed. (Will+)
You expend magic power (3 MP) to strengthen your wands.


Message History

The vampire is almost destroyed.
You block the vampire's attack. x2; The vampire draws life force from you!!
The vampire is healed by the life force!
You are too injured to fight recklessly!
You are too injured to fight recklessly!
You are too injured to fight recklessly!
You are too injured to fight recklessly!
You are too injured to fight recklessly!
You are too injured to fight recklessly!
You are too injured to fight recklessly!
You are too injured to fight recklessly!
You are too injured to fight recklessly!
You are too injured to fight recklessly!
You are too injured to fight recklessly!
You are too injured to fight recklessly!
You are too injured to fight recklessly!
You are too injured to fight recklessly!
You are too injured to fight recklessly!
You are too injured to fight recklessly!
You are too injured to fight recklessly!
You are too injured to fight recklessly!
You are too injured to fight recklessly!
You are too injured to fight recklessly!
You are too injured to fight recklessly!
You are too injured to fight recklessly!
You are too injured to fight recklessly!
You are too injured to fight recklessly!
You are too injured to fight recklessly!
You shoot an arrow.
The arrow hits the vampire but does no damage.
The vampire is heavily damaged.
You block the vampire's attack.
The vampire bites you but does no damage.
You shoot an arrow. The arrow hits the vampire!
The vampire is almost destroyed.
The vampire draws life force from you!!
* * * LOW HITPOINT WARNING * * *
The vampire is healed by the life force!
The vampire hits you!
You die...

###########
#.........#
#.........#
#.........
#[.......
......
#..##
#..###
##..@#
###V# §)#
.#.. .....#
.. ...# #..
.... #.
..?..


You could see a vampire.

Vanquished Creatures
  2 two-headed ogres
  Pikel (D:4)
  A deep elf pyromancer (D:10)
  2 orc sorcerers (D:9)
  3 trolls
  A hornet (D:9)
  Sigmund (D:2)
  A shadow (D:10)
  20 yaks
  2 steam dragons (D:9)
  A water moccasin (D:8)
  Duvessa (D:4)
  An ice beast (D:6)
  6 orc warriors
  3 black bears
  2 sky beasts (D:7)
  8 ogres
  4 centaurs
  2 lemures (D:4)
  A phantom (D:5)
  3 kobold brigands
  4 bullfrogs
  2 gnoll sergeants
  3 scorpions
  5 wights (D:8)
  Dowan (D:4)
  16 killer bees
  8 howler monkeys
  6 orc priests
  A gnoll bouda (D:6)
  4 iguanas
  12 orc wizards
  A mummy (Ossuary)
  16 gnolls
  9 adders
  A shadow imp (D:6)
  A white imp (D:7)
  An ufetubus (D:5)
  2 worms
  2 dart slugs
  32 orcs
  A spectral bat (Ossuary)
  4 endoplasms
  5 giant cockroaches
  12 gnoll zombies (Ossuary)
  8 hobgoblins
  4 jackals (D:1)
  12 kobolds
  A quokka (D:1)
  9 ball pythons
  3 bats
  2 bat simulacra (Ossuary)
  4 frilled lizards
  6 goblins
  2 goblin simulacra (Ossuary)
  3 goblin zombies (Ossuary)
  6 hobgoblin zombies (Ossuary)
  5 kobold simulacra (Ossuary)
  4 kobold zombies (Ossuary)
  5 orc zombies (Ossuary)
  A rat (D:2)
  2 rat simulacra (Ossuary)
  A spectral goblin (Ossuary)
  2 spectral kobolds (Ossuary)
  A spectral rat (Ossuary)
296 creatures vanquished.

Vanquished Creatures (collateral kills)
  2 orcs (D:5)
2 creatures vanquished.

Vanquished Creatures (others)
  An orc wizard (D:6)
1 creature vanquished.

Grand Total: 299 creatures vanquished

Notes
Turn   | Place    | Note
-------+----------+-------------------------------------------
     0 | D:1      | ShadowTiger the Tengu Hunter began the quest for the Orb.
     0 | D:1      | Reached XP level 1. HP: 12/12 MP: 2/2
   105 | D:1      | Reached XP level 2. HP: 17/17 MP: 3/3
   201 | D:1      | Reached skill level 5 in Ranged Weapons
   305 | D:1      | Reached XP level 3. HP: 21/21 MP: 4/4
   678 | D:1      | Found Udeog's Jewellery Boutique.
   728 | D:1      | You fall into a shaft and drop 1 floor!
   915 | D:2      | You fall into a shaft and drop 1 floor!
   915 | D:3      | Found a snail-covered altar of Cheibriados.
  1017 | D:2      | Found Tevinol's Jewellery Shoppe.
  1058 | D:2      | Found a snail-covered altar of Cheibriados.
  1171 | D:2      | Reached XP level 4. HP: 26/26 MP: 5/5
  1224 | D:2      | Noticed Sigmund
  1240 | D:2      | Killed Sigmund
  1241 | D:2      | Reached skill level 6 in Ranged Weapons
  1241 | D:2      | Reached skill level 1 in Armour
  1241 | D:2      | Reached XP level 5. HP: 23/31 MP: 6/6
  1715 | D:3      | Found a stormy altar of Qazlal.
  1720 | D:3      | Found a blossoming altar of Fedhas.
  1730 | D:3      | Became a worshipper of Qazlal Stormbringer
  2019 | D:3      | Gained mutation: You expend magic power (3 MP) to
                  | strengthen your wands. [potion of mutation]
  2019 | D:3      | Gained mutation: You are strong-willed. (Will+) [potion of
                  | mutation]
  2125 | D:3      | Reached XP level 6. HP: 36/36 MP: 7/7
  2511 | D:4      | Found an iron altar of Okawaru.
  2514 | D:4      | Noticed Duvessa
  2514 | D:4      | Noticed Dowan
  2538 | D:4      | Killed Duvessa
  2539 | D:4      | Reached skill level 7 in Ranged Weapons
  2598 | D:4      | Found Giowkac's Assorted Antiques.
  2622 | D:4      | Noticed Pikel
  2738 | D:4      | Killed Dowan
  2745 | D:4      | Found a sparkling altar of Nemelex Xobeh.
  3030 | D:4      | Killed Pikel
  3031 | D:4      | Reached skill level 8 in Ranged Weapons
  3031 | D:4      | Gained mutation: Your magical flight helps you evade
                  | attacks. (EV +4) [Tengu growth]
  3031 | D:4      | Reached XP level 7. HP: 23/41 MP: 0/8
  3031 | D:4      | Reached XP level 8. HP: 26/47 MP: 0/9
  3341 | D:5      | Entered Level 5 of the Dungeon
  3452 | D:5      | Reached skill level 9 in Ranged Weapons
  3572 | D:5      | Reached * piety under Qazlal
  3852 | D:5      | Reached skill level 10 in Ranged Weapons
  4428 | D:6      | Reached skill level 1 in Evocations
  4511 | D:6      | Found an ornate altar of the Wu Jian Council.
  4544 | D:6      | Reached XP level 9. HP: 42/52 MP: 10/10
  4616 | D:6      | Found a sand-covered staircase.
  4621 | Ossuary  | Entered an ossuary
  4659 | Ossuary  | Reached ** piety under Qazlal
  5093 | D:6      | Reached skill level 11 in Ranged Weapons
  5096 | D:6      | Reached *** piety under Qazlal
  5133 | D:6      | Reached skill level 5 in Armour
  5285 | D:6      | Reached skill level 1 in Shields
  5342 | D:6      | Found a hide-covered altar of Uskayaw.
  5456 | D:6      | Reached skill level 5 in Fighting
  5868 | D:7      | Reached skill level 12 in Ranged Weapons
  6147 | D:7      | Reached **** piety under Qazlal
  6167 | D:7      | Found an opulent altar of Gozag.
  6272 | D:7      | Found a hazy altar of Hepliaklqana.
  6329 | D:7      | Found a staircase to the Ecumenical Temple.
  6681 | D:8      | Found an ancient bone altar of Kikubaaqudgha.
  6704 | D:8      | Reached XP level 10. HP: 50/59 MP: 11/11
  6776 | D:8      | Noticed a two-headed ogre
  6841 | D:8      | Found a basalt altar of Yredelemnul.
  7056 | D:8      | HP: 2/55 [two-headed ogre/+0 giant club (22)]
  7057 | D:8      | Killed a two-headed ogre
  7058 | D:8      | Reached skill level 13 in Ranged Weapons
  7160 | D:8      | Found a white marble altar of Elyvilon.
  7161 | D:8      | Found a bloodstained altar of Trog.
  7186 | D:8      | Found a glowing silver altar of Zin.
  7477 | D:9      | Noticed a two-headed ogre
  7498 | D:9      | Found a burning altar of Makhleb.
  7595 | D:9      | Paralysed by a hornet for 1 turns
  7602 | D:9      | HP: 3/61 [poisoned by a hornet]
  7607 | D:9      | HP: 2/61 [poisoned by a hornet]
  7665 | D:9      | Identified the staff of the Illusory Runes {rElec Int-5
                  | SInv Conj}
  7886 | D:9      | Killed a two-headed ogre
  7887 | D:9      | Reached skill level 14 in Ranged Weapons
  7887 | D:9      | Reached XP level 11. HP: 26/67 MP: 8/12
  8037 | D:9      | Reached ***** piety under Qazlal
  8290 | D:9      | Found a staircase to the Orcish Mines.
  8408 | Orc:1    | Entered Level 1 of the Orcish Mines
  8410 | Orc:1    | Noticed an orc sorcerer
  8413 | Orc:1    | Noticed an orc sorcerer
  8423 | D:9      | Killed an orc sorcerer
  8488 | D:9      | Killed an orc sorcerer
  8702 | D:10     | Entered Level 10 of the Dungeon
  9243 | D:10     | Noticed a deep elf pyromancer
  9252 | D:10     | Killed a deep elf pyromancer
  9649 | D:10     | You are sucked into a shaft and drop 2 floors!
  9673 | D:12     | Slain by a vampire

Illustrated notes

Levels and vault maps discovered:
D:1:      erik_arrival_blinker_ship, layout_basic, serial_shops, shop,
          interstate_on_off, item_on_display_a
D:2:      layout_basic, serial_shops, nicolae_shop_advertising_works
          [nicolae_subvault_shop_adworks], basic_altar, uniq_sigmund
D:3:      layout_loops_cross, cheibriados_altar_1,
          grunt_temple_overflow_forces_of_nature, serial_rivers,
          chequers_serial_rivers_micro_c, chequers_serial_rivers_micro_b,
          chequers_serial_rivers_micro_b, chequers_serial_rivers_large_a,
          chequers_serial_rivers_marsh
D:4:      layout_gridville, nemelex_xobeh_ov_fountains_minmay,
          lemuel_tele_altar, serial_shops, shop, uniq_pikel, uniq_duvessa
D:5:      layout_basic
D:6:      layout_gridville, amcnicky_altar_gilded, nzn_wu_jian_contemplation,
          nicolae_ossuary_entry_plus, hex_large,
          minmay_a_box_with_orc_wizards_in_it
D:7:      layout_basic, nzn_hepliaklqana_mist_gate,
          nicolae_gozag_cash_rules_everything_around_me, temple_hall,
          minivault_26
D:8:      layout_cave_pools, mainiacjoe_overflow_surrounded_room,
          mainiacjoe_overflow_tiny_flanked, gammafunk_temple_overflow_forgotten
D:9:      layout_roguey, general_overflow_altar,
          kennysheep_orc_monster_closet_entryway, hangedman_decor_growths,
          st_stairs_11
D:10:     layout_grid_maze, serial_park_tiny_2, minmay_holes
D:12:     layout_rooms
Orc:1:    layout_caves

Skill      XL: |  1  2  3  4  5  6  7  8  9 10 11 |
---------------+----------------------------------+-----
Ranged Weapons | 5 6 8 10 12 14 | 14.0
Armour         | 1 4 6 7 9 |  9.4
Fighting       | 3 4 5 7 9 |  9.5
Dodging        | 3 4 |  4.4
Evocations     | 1 2 |  2.0
Shields        | 1 2 4 |  4.8
Stealth        | |  1.2

Action                     |  1- 3 |  4- 6 |  7- 9 | 10-12 || total
---------------------------+-------+-------+-------+-------++-------
   Fire: Shortbow          |   114 |   132 |   415 |   298 ||   959
         Orcbow            |       |       |       |   137 ||   137
  Evoke: Wand              |       |     4 |     4 |    12 ||    20
    Use: Scroll            |     1 |     9 |     8 |     6 ||    24
         Potion            |       |     5 |     5 |     2 ||    12
 Armour: Ring mail         |    41 |     9 |       |       ||    50
         Plate armour      |       |   170 |   440 |   549 ||  1159
  Dodge: Dodged            |    48 |    31 |   179 |   241 ||   499
         Repelled          |       |       |       |     1 ||     1
  Block: Other             |       |       |    57 |   156 ||   213

Table legend: (Time is in decaauts)
 A = Elapsed time spent in this place.
 B = Non-inter-level travel time spent in this place.
 C = Inter-level travel time spent in this place.
 D = Time resting spent in this place.
 E = Time spent auto-exploring this place.
 F = Levels seen in this place.
 G = Mean time per level.
                   A        B        C        D        E       F      G
               +--------+--------+--------+--------+--------+-----+--------+
         Total |  10339 |   9802 |    537 |      0 |   6562 |  13 |  795.3 |
       Dungeon |   9730 |   9193 |    537 |      0 |   6337 |  11 |  884.5 |
  Orcish Mines |    162 |    162 |      0 |      0 |     82 |   1 |  162.0 |
       Ossuary |    445 |    445 |      0 |      0 |    143 |   1 |  445.0 |
               +--------+--------+--------+--------+--------+-----+--------+

Top non-repeatable levels by time:
     D:9: 1379 daAuts
     D:6: 1184 daAuts
     D:5: 1121 daAuts
     D:3: 1086 daAuts
    D:10: 1010 daAuts
     D:4: 887 daAuts
     D:7: 849 daAuts
     D:2: 780 daAuts
     D:1: 751 daAuts
     D:8: 646 daAuts
 Ossuary: 445 daAuts
   Orc:1: 162 daAuts
    D:12: 33 daAuts
